 Dungeon Crawl Stone Soup version 0.28-a0-1344-g6b9ff3a05d (webtiles) character file.

Game seed: 16975522201528756800

151 Deminshera the Skirmisher (level 5, 0/44 HPs)
             Began as a Demonspawn Abyssal Knight on Dec 29, 2021.
             Was a Believer of Lugonu.
             Slain by an iguana (9 damage)
             ... on level 3 of the Dungeon.
             The game lasted 00:06:56 (2705 turns).

Deminshera the Skirmisher (DsAK)                    Turns: 2705, Time: 00:06:57

Health: 0/44       AC:  7    Str: 15    XL:     5   Next: 11%
Magic:  6/6        EV:  9    Int: 12    God:    Lugonu [**....]
Gold:   62         SH:  0    Dex: 13    Spells: 4/4 levels left

rFire   . . .      SeeInvis .   b - +0 hand axe (vorpal)
rCold   . . .      Faith    .   (no shield)
rNeg    . . .      Spirit   .   d - +0 scale mail
rPois   .          Reflect  .   (helmet restricted)
rElec   .          Harm     .   (no cloak)
rCorr   .          Rampage  .   f - +0 pair of gloves
Will    .....                   (no boots)
Stlth   +.........              (no amulet)
HPRegen 0.14/turn               (no ring)
MPRegen 0.10/turn               (no ring)

@: no status effects
A: horns 1, demonic magic 1
a: Renounce Religion, Depart the Abyss, Bend Space


You were on level 3 of the Dungeon.
You worshipped Lugonu.
Lugonu was pleased with you.
You visited 1 branch of the dungeon, and saw 3 of its levels.
You visited the Abyss 1 time.

You collected 62 gold pieces.

Inventory:

Hand Weapons
 a - a +1 falchion
 b - a +0 vorpal hand axe (weapon)
Armour
 d - a +0 scale mail (worn)
 f - a +0 pair of gloves (worn)
Scrolls
 g - a scroll of magic mapping {unknown}
 h - a scroll of immolation {unknown}
 i - a scroll of torment {unknown}
 k - a scroll of enchant weapon {unknown}
 l - a scroll of brand weapon {unknown}
Potions
 c - a potion of haste {unknown}
 e - a potion of berserk rage {unknown}
 j - a potion of flight {unknown}
 m - a potion of attraction {unknown}


   Skills:
 - Level 5.0 Fighting
 - Level 1.8 Long Blades
 + Level 2.1 Armour
 + Level 1.3 Dodging
 - Level 2.0 Stealth
 - Level 2.5 Invocations


You had 4 spell levels left.
You didn't know any spells.
Your spell library was empty.

Dungeon Overview and Level Annotations

Branches:
Dungeon (3/15)

Altars:
Makhleb


Innate Abilities, Weirdness & Mutations

You have a pair of small horns on your head.
Spells you cast may paralyse adjacent enemies.


Message History

Your scale mail prevents you from hitting the bat.
The bat is severely wounded.
The bat closely misses you.
You hit the bat.
You kill the bat!
Lugonu accepts your kill.
No target in view!
You see here a +0 dagger.
Found a stone staircase leading down.
An iguana comes into view.
Found a runed trident.
The iguana hisses angrily.
Found a scale mail.
There is a stone staircase leading down here.
You hit the iguana.
The iguana is moderately wounded.
The iguana bites you. The iguana barely misses you.
You closely miss the iguana.
The iguana is moderately wounded.
The iguana bites you!
You hit the iguana.
The iguana is heavily wounded.
The iguana bites you!
You hit the iguana.
The iguana is severely wounded.
The iguana bites you! The iguana bites you.
You hit the iguana but do no damage.
The iguana is severely wounded.
The iguana bites you but does no damage.
You hit the iguana but do no damage. Your headbutt misses the iguana.
The iguana is severely wounded.
The iguana bites you!
* * * LOW HITPOINT WARNING * * *
You barely miss the iguana.
The iguana is severely wounded.
The iguana closely misses you.
You hit the iguana but do no damage.
The iguana is severely wounded.
The iguana bites you!
You die...

##........#
##)........##
#...........#
........>..#
.####..####
##..## #..##
#l## #@#
####.# ..
##....# ..
#..#### ..###
#####.##
....####.....#
....##...#####
....#..###
.....)##


You could see an iguana.

Vanquished Creatures
  Natasha (thrice) (D:2)
  An adder (D:2)
  A worm (D:2)
  4 dart slugs
  3 orcs (D:3)
  6 bats
  4 endoplasms
  2 giant cockroaches (D:1)
  5 goblins
  4 hobgoblins
  8 kobolds
  A quokka (D:2)
  5 ball pythons
  2 frilled lizards
  7 rats
56 creatures vanquished.

Notes
Turn   | Place    | Note
-------+----------+-------------------------------------------
     0 | Abyss:1  | Deminshera the Demonspawn Abyssal Knight began the quest
                  | for the Orb.
     0 | Abyss:1  | Reached XP level 1. HP: 18/18 MP: 2/2
    53 | Abyss:1  | Found a corrupted altar of Lugonu.
    60 | Abyss:1  | Noticed a large abomination
    78 | D:1      | Escaped the Abyss
    92 | D:1      | Reached skill level 1 in Dodging
   120 | D:1      | Reached skill level 1 in Stealth
   180 | D:1      | Gained mutation: You have a pair of small horns on your
                  | head. [demonic ancestry]
   180 | D:1      | Reached XP level 2. HP: 22/24 MP: 3/3
   592 | D:1      | Reached XP level 3. HP: 21/29 MP: 4/4
  1130 | D:2      | Found a faded altar of an unknown god.
  1188 | D:2      | Noticed Natasha
  1196 | D:2      | Killed Natasha
  1196 | D:2      | Reached ** piety under Lugonu
  1197 | D:2      | Reached skill level 4 in Fighting
  1351 | D:2      | Reached XP level 4. HP: 36/37 MP: 5/5
  1459 | D:2      | Noticed Natasha
  1471 | D:2      | Killed Natasha
  1878 | D:2      | Noticed Natasha
  1891 | D:2      | Killed Natasha
  1892 | D:2      | Reached skill level 5 in Fighting
  2059 | D:2      | Found a burning altar of Makhleb.
  2206 | D:2      | Gained mutation: Spells you cast may paralyse adjacent
                  | enemies. [demonic ancestry]
  2206 | D:2      | Reached XP level 5. HP: 41/44 MP: 6/6
  2705 | D:3      | Slain by an iguana

Illustrated notes

Levels and vault maps discovered:
D:1:      enne_arrival_octagon_isle, layout_rooms, minivault_27
D:2:      layout_basic, basic_ecumenical_altar, basic_altar, uniq_natasha
D:3:      layout_rooms

Skill      XL: |  1  2  3  4 |
---------------+-------------+-----
Dodging        | 1 |  1.3
Stealth        | 1 2 |  2.0
Fighting       | 4 5 |  5.0
Armour         | 2 |  2.1
Long Blades    | |  1.8
Invocations    | |  2.5

Action                   |  1- 3 |  4- 6 || total
-------------------------+-------+-------++-------
Melee: Falchion          |    62 |       ||    62
       Headbutt          |    15 |    10 ||    25
       Hand axe          |    24 |    76 ||   100
 Stab: Sleeping          |     1 |       ||     1
Armor: Leather armour    |    16 |       ||    16
       Scale mail        |    13 |    37 ||    50
Dodge: Dodged            |    49 |    32 ||    81

Table legend: (Time is in decaauts)
 A = Elapsed time spent in this place.
 B = Non-inter-level travel time spent in this place.
 C = Inter-level travel time spent in this place.
 D = Time resting spent in this place.
 E = Time spent auto-exploring this place.
 F = Levels seen in this place.
 G = Mean time per level.
                   A        B        C        D        E       F      G
               +--------+--------+--------+--------+--------+-----+--------+
         Total |   2799 |   2687 |    112 |    458 |   1668 |   4 |  699.8 |
       Dungeon |   2721 |   2609 |    112 |    458 |   1609 |   3 |  907.0 |
         Abyss |     78 |     78 |      0 |      0 |     59 |   1 |   78.0 |
               +--------+--------+--------+--------+--------+-----+--------+

Top non-repeatable levels by time:
     D:2: 1813 daAuts
     D:1: 824 daAuts
     D:3: 83 daAuts
 Abyss:1: 78 daAuts
